 Dungeon Crawl Stone Soup version 0.13.0 (webtiles) character file.

223 Antur the Skirmisher (level 4, -2/36 HPs)
             Began as a Demonspawn Fighter on Oct 11, 2013.
             Slain by Terence
             ... wielding a +0,+0 flail
              (5 damage)
             ... on Level 3 of the Dungeon.
             The game lasted 00:07:14 (1848 turns).

Antur the Skirmisher (Demonspawn Fighter)           Turns: 1848, Time: 00:07:15

HP  -2/36        AC  8     Str 17      XL: 4   Next: 18%
MP   3/3         EV  8     Int  9      God:
Gold 143         SH  0     Dex 13      Spells:  0 memorised,  3 levels left

Res.Fire  : . . .   See Invis. : .   a - +0 hand axe {=f}
Res.Cold  : . . .   Warding    : .   b - +0 scale mail
Life Prot.: . . .   Conserve   : .   (no shield)
Res.Poison: .       Res.Corr.  : .   (helmet restricted)
Res.Elec. : .       Clarity    : .   (no cloak)
Sust.Abil.: . .     Spirit.Shd : .   (no gloves)
Res.Mut.  : .       Stasis     : .   (no boots)
Res.Rott. : .       Flight     : .   (no amulet)
Saprovore : . . .                    (no ring)
                                     (no ring)

@: invisible, very slightly contaminated, slightly resistant to hostile
enchantments, extremely unstealthy
A: antennae 1, AC +2
a: no special abilities


You were on level 3 of the Dungeon.
You were not hungry.

You visited 1 branch of the dungeon, and saw 3 of its levels.

You collected 123 gold pieces.

Inventory:

Hand weapons
 a - a +0,+0 hand axe (weapon) {=f}
 c - a +0,+0 spear
 f - a +2,+2 spear
Missiles
 j - a throwing net (quivered)
Armour
 b - a +0 scale mail (worn)
Comestibles
 d - 2 bread rations
 l - a meat ration
 m - an apple
Scrolls
 g - a scroll of magic mapping
 k - a scroll of noise {unknown}
 n - a scroll of curse armour {unknown}
Potions
 e - a potion of agility {unknown}
 o - a potion of heal wounds {unknown}


   Skills:
 + Level 3.6 Fighting
 * Level 2.8 Axes
 + Level 0.1 Throwing
 + Level 3.3 Armour
 - Level 0.3 Dodging
 + Level 0.2 Stealth
   Level 2.6 Shields


You had 3 spell levels left.
You didn't know any spells.

Dungeon Overview and Level Annotations

Branches:
Dungeon (3/27)

Altars:
Fedhas
Trog

Annotations:
D:2 Sigmund
D:3 Terence


Innate Abilities, Weirdness & Mutations

You have a pair of small antennae on your head.
You are partially covered in yellow scales (AC +2).


Message History

You fade further into invisibility.
Terence completely misses you.
You hit Terence but do no damage.
Terence is heavily wounded.
You completely miss Terence.
Terence is heavily wounded.
Terence closely misses you.
You hit Terence.
Terence is heavily wounded.
Terence closely misses you.
You barely miss Terence.
Terence is heavily wounded.
Terence completely misses you.
You closely miss Terence.
Terence is heavily wounded.
Terence closely misses you.
You closely miss Terence.
Terence is heavily wounded.
Terence hits you with a flail.
You die...

###...# ##...# #...### #..###
#.### ###'#######
####'########## #.........#
#.............# #.........#
#.............# ####.........#
+.............###..'.........#
#......>......##..##.......[.#
#.......).....@@.###.........#
#.............#### #.........#
############### #.).......#
#.........# ####'###### #.###
#..<## ###.%# ##'#


You could see Terence.

Vanquished Creatures
  2 adders
  2 oozes
  2 orcs (D:3)
  7 bats
  2 giant cockroaches (D:1)
  10 goblins
  10 hobgoblins
  7 kobolds
  2 giant geckos (D:1)
  3 giant newts
  8 rats
55 creatures vanquished.

Vanquished Creatures (others)
  A giant gecko (D:1)
1 creature vanquished.

Grand Total: 56 creatures vanquished

Notes
Turn   | Place    | Note
--------------------------------------------------------------
     0 | D:1      | Antur, the Demonspawn Fighter, began the quest for the Orb.
     0 | D:1      | Reached XP level 1. HP: 18/18 MP: 0/0
   217 | D:1      | Gained mutation: You are partially covered in yellow scales (AC +2). [demonic ancestry]
   217 | D:1      | Reached XP level 2. HP: 9/24 MP: 1/1
   989 | D:2      | Gained mutation: You have a pair of small antennae on your head. [demonic ancestry]
   989 | D:2      | Reached XP level 3. HP: 21/30 MP: 2/2
  1119 | D:2      | Found a bloodstained altar of Trog.
  1391 | D:2      | Noticed Sigmund
  1535 | D:3      | Found a blossoming altar of Fedhas.
  1728 | D:3      | Reached XP level 4. HP: 33/36 MP: 3/3
  1793 | D:3      | Noticed Terence
  1839 | D:3      | HP: 1/36 [Terence/flail (3)]
  1848 | D:3      | Slain by Terence

Action                   |  1- 3 |  4- 6 || total
-------------------------+-------+-------++-------
Melee: Hand axe          |   210 |    36 ||   246
Throw: Spear             |     6 |       ||     6
  Use: Scroll            |     4 |       ||     4
       Potion            |       |     4 ||     4
 Stab: Invisible         |       |     1 ||     1
